 Dungeon Crawl Stone Soup version 0.18.1-1-g2f07953 (webtiles) character file.

1656 Iflex the Poker (level 8, -1/68 (70) HPs)
             Began as a Minotaur Gladiator on Oct 5, 2016.
             Slain by a hippogriff (3 damage)
             ... on level 7 of the Dungeon on Oct 7, 2016.
             The game lasted 00:23:14 (5835 turns).

Iflex the Poker (Minotaur Gladiator)                Turns: 5835, Time: 00:23:15

HP:   -1/68 (70)    AC:  4    Str: 20    XL:     8   Next: 68%
MP:   7/7           EV: 15    Int:  5    God:
Gold: 243           SH:  0    Dex: 13    Spells: 0 memorised, 7 levels left

rFire  . . .     SeeInvis .     a - +0 trident
rCold  . . .     Gourm    .     b - +0 leather armour
rNeg   + . .     Faith    .     (no shield)
rPois  .         Spirit   .     c - +0 hat
rElec  .         Dismiss  .     (no cloak)
rCorr  .         Reflect  .     (no gloves)
SustAt .         Harm     .     A - +0 pair of boots
MR     .....                    (no amulet)
Stlth  ++........               d - ring of positive energy
                                q - ring of wizardry

@: not resistant to hostile enchantments, unstealthy
A: retaliatory headbutt, horns 2
a: no special abilities


You were on level 7 of the Dungeon.
You were not hungry.

You visited 1 branch of the dungeon, and saw 7 of its levels.

You collected 243 gold pieces.

Inventory:

Hand Weapons
 a - a +0 trident (weapon)
Missiles
 D - 17 tomahawks (quivered)
Armour
 b - a +0 leather armour (worn)
 c - a +0 hat (worn)
 o - a +0 helmet
 A - a +0 pair of boots (worn)
Jewellery
 d - a ring of positive energy (right hand)
 q - a ring of wizardry (left hand)
 t - an uncursed ring of protection from fire
Wands
 u - a wand of lightning (10/15)
Scrolls
 i - a scroll of enchant weapon {unknown}
 k - 5 scrolls of remove curse {unknown}
 l - 2 scrolls of fog {unknown}
 m - 2 scrolls of amnesia {unknown}
 y - a scroll of enchant armour {unknown}
 z - 2 scrolls of teleportation {unknown}
 B - a scroll of random uselessness {unknown}
 C - 2 scrolls of noise
Potions
 e - 2 potions of invisibility
 h - 3 potions of lignification
 p - 3 potions of curing
 r - a potion of might {unknown}
 w - 2 potions of ambrosia {unknown}
 x - a potion of flight {unknown}
 E - a potion of brilliance {unknown}
Books
 v - a book of Unlife

   Spells                             Type                      Level
   a - Recall                         Summoning/Translocation      3
   b - Animate Dead                   Necromancy                   4
   c - Control Undead                 Necromancy                   4
   d - Cigotuvi's Embrace             Necromancy                   5
   e - Death Channel                  Necromancy                   6
   f - Simulacrum                     Ice/Necromancy               6
Comestibles
 f - 3 bread rations
 g - 3 beef jerkies
 n - 2 meat rations
 s - 5 slices of pizza


   Skills:
 + Level 6.1 Fighting
 + Level 7.3 Polearms
 + Level 3.3 Throwing
 + Level 4.2 Armour
 + Level 7.1 Dodging
 + Level 3.2 Stealth


You had 7 spell levels left.
You didn't know any spells.

Dungeon Overview and Level Annotations

Branches:
Dungeon (7/15)             Temple (0/1) D:5

Altars:
Cheibriados
Elyvilon
Makhleb


Innate Abilities, Weirdness & Mutations

You reflexively headbutt those who attack you in melee.
You have a pair of horns on your head.


Message History

* * * LOW HITPOINT WARNING * * *
The hippogriff misses you. x2
The hippogriff closely misses you. The hippogriff barely misses you.
The hippogriff claws you but does no damage.
The hippogriff bites you.
* * * LOW HITPOINT WARNING * * *
The hippogriff barely misses you. The hippogriff claws you.
* * * LOW HITPOINT WARNING * * *
The hippogriff bites you.
* * * LOW HITPOINT WARNING * * *
The hippogriff closely misses you.
The hippogriff claws you but does no damage.
The hippogriff bites you.
* * * LOW HITPOINT WARNING * * *
The hippogriff closely misses you. The hippogriff claws you.
* * * LOW HITPOINT WARNING * * *
The hippogriff bites you.
* * * LOW HITPOINT WARNING * * *
The hippogriff pecks you.
You die...

#
#########
......H.#
#@# #.#
#.#
######.#
#<.....#
########


You could see a hippogriff.

Vanquished Creatures
  2 black bears (D:6)
  A necrophage (D:6)
  A phantom (D:3)
  2 ogres
  2 centaurs
  2 giant frogs
  A scorpion (D:6)
  2 crimson imps (D:5)
  A centaur zombie (D:4)
  3 hounds
  A centaur skeleton (D:6)
  2 giant frog skeletons (D:5)
  2 iguanas (D:5)
  3 orc wizards (D:6)
  6 worker ants
  A hound skeleton (D:5)
  A worker ant zombie (D:6)
  7 adders
  A shadow imp (D:6)
  An adder zombie (D:6)
  2 oozes
  An adder skeleton (D:4)
  3 worms
  A dart slug (D:2)
  2 giant geckos
  26 orcs
  A ball python (D:1)
  4 giant cockroaches
  6 goblins
  12 hobgoblins
  8 jackals
  2 quokkas
  10 bats
  6 giant newts
  10 kobolds
  A quokka skeleton (D:3)
  A quokka zombie (D:6)
  6 rats
144 creatures vanquished.

Vanquished Creatures (others)
  A plant (D:6)
1 creature vanquished.

Grand Total: 145 creatures vanquished

Notes
Turn   | Place    | Note
--------------------------------------------------------------
     0 | D:1      | Iflex the Minotaur Gladiator began the quest for the Orb.
     0 | D:1      | Reached XP level 1. HP: 18/18 MP: 0/0
   234 | D:1      | Reached XP level 2. HP: 25/25 MP: 1/1
   453 | D:2      | Reached XP level 3. HP: 12/30 MP: 2/2
   673 | D:2      | Found a snail-covered altar of Cheibriados.
   771 | D:2      | Reached skill level 1 in Armour
  1017 | D:2      | Reached XP level 4. HP: 37/37 MP: 3/3
  1536 | D:3      | Found a burning altar of Makhleb.
  1805 | D:3      | Reached XP level 5. HP: 45/45 MP: 4/4
  1865 | D:3      | Noticed a phantom
  1906 | D:3      | Killed a phantom
  1906 | D:3      | Reached skill level 5 in Polearms
  1906 | D:3      | Reached skill level 5 in Dodging
  2341 | D:4      | Reached XP level 6. HP: 32/52 MP: 5/5
  2826 | D:5      | Entered Level 5 of the Dungeon
  2891 | D:4      | Reached skill level 1 in Stealth
  2891 | D:4      | Reached XP level 7. HP: 9/60 MP: 6/6
  2910 | D:4      | HP: 3/60 [poisoned by a worker ant]
  2918 | D:4      | HP: 3/60 [poisoned by a worker ant]
  3287 | D:5      | Reached skill level 5 in Fighting
  3329 | D:5      | Found a staircase to the Ecumenical Temple.
  3388 | D:5      | Found a white marble altar of Elyvilon.
  4878 | D:6      | Reached XP level 8. HP: 68/68 MP: 7/7
  5835 | D:7      | HP: 2/68 [hippogriff (5)]
  5835 | D:7      | Slain by a hippogriff

Skill      XL: |  1  2  3  4  5  6  7  8 |
---------------+-------------------------+-----
Polearms       | 4 5 6 7 |  7.3
Dodging        | 4 5 6 7 |  7.1
Armour         | 1 2 3 4 |  4.2
Fighting       | 3 4 5 6 |  6.1
Stealth        | 1 2 3 |  3.2
Throwing       | 3 |  3.3

Action                   |  1- 3 |  4- 6 |  7- 9 || total
-------------------------+-------+-------+-------++-------
Melee: Trident           |    53 |   148 |   216 ||   417
       Headbutt          |     4 |    21 |    39 ||    64
Throw: Throwing net      |       |    10 |     4 ||    14
       Tomahawk          |       |       |     4 ||     4
  Use: Scroll            |       |       |     5 ||     5
 Stab: Held in net/web   |       |     2 |     3 ||     5
       Sleeping          |       |       |     4 ||     4
  Eat: Chunk             |       |     6 |     1 ||     7
       Bread ration      |       |       |     2 ||     2
Armor: Leather armour    |    10 |    13 |    28 ||    51
Dodge: Dodged            |    34 |    82 |   147 ||   263
